 Dungeon Crawl Stone Soup version 0.32-a0-768-g0f6f1dd4b9 (webtiles) character file.

Game seed: 3000625506912235014

34 Dirtsage the Insei (level 3, -1/29 HPs)
             Began as a Demonspawn Monk on Mar 18, 2024.
             Slain by an orc
             ... wielding a +0 mace
              (2 damage)
             ... on level 2 of the Dungeon.
             The game lasted 00:01:07 (1117 turns).

Dirtsage the Insei (Demonspawn Monk)                Turns: 1117, Time: 00:01:07

Health: -1/29      AC:  4    Str: 13    XL:     3   Next: 14%
Magic:  3/3        EV: 11    Int: 10    God:
Gold:   46         SH:  0    Dex: 15    Spells: 2/2 levels left

rFire   . .          .
                       - Unarmed
rCold   . . .        c - orb {light}
rNeg    . . .        a - +0 robe
rPois   .            (no helmet)
rElec   .            (no cloak)
rCorr   .            (no gloves)
SInv    .            (no boots)
Will    .....        (no amulet)
Stlth   +            (no ring)
HPRegen 0.24/turn    (no ring)
MPRegen 0.08/turn

%: no passive effects
@: glowing
A: thin metallic scales 1, ignite blood 1
a: no special abilities


You were on level 2 of the Dungeon.
You visited 1 branch of the dungeon, and saw 2 of its levels.

You collected 46 gold pieces.

Inventory:

Armour
 a - a +0 robe (worn)
 c - an orb of light (worn)
Wands
 f - a wand of warping (11)
Scrolls
 d - a scroll of identify {unknown}
 e - a scroll of blinking {unknown}
 g - a scroll of enchant weapon {unknown}
Potions
 b - a potion of ambrosia


   Skills:
 - Level 3.0 Fighting
 - Level 2.6 Dodging
 + Level 3.9 Unarmed Combat


You had 2 spell levels left.
You didn't know any spells.
Your spell library was empty.

Dungeon Overview and Level Annotations

Branches:
Dungeon (2/15)

Altars:


Innate Abilities, Weirdness & Mutations

You are partially covered in thin metallic scales. (AC +2)
Your demonic aura sometimes causes spilled blood to erupt in flames.


Message History

Search for what [? for help]? armor Unknown command. 2 orcs come into view.
The orc shouts! x2
The orc moves out of view.
An orc priest comes into view. It is wielding a +0 hand axe.
The orc barely misses you.
You hit the orc.
The orc is moderately wounded.
You hit the orc.
The orc is heavily wounded.
The orc barely misses you. The orc hits you with a +0 mace.
The orc priest invokes the aid of Beogh against you.
Beogh smites you!
The orc priest shouts, "Surrender to Beogh and we'll let you live!" (press Y on the ability menu to convert to Beogh)
You take 14 damage, and have 15/29 hp.
MASSIVE DAMAGE!!
The orc barely misses you. The orc hits you with a +0 mace.
You take 1 damage, and have 15/29 hp.
You hit the orc.
The orc is almost dead.
The orc priest miscasts a cantrip.
You completely miss the orc.
The orc is heavily wounded.
The orc closely misses you. The orc hits you with a +0 mace!
* * * LOW HITPOINT WARNING * * *
The orc priest invokes the aid of Beogh against you.
Beogh smites you!
* * * LOW HITPOINT WARNING * * *
You take 14 damage, and have 1/29 hp.
MASSIVE DAMAGE!!
You completely miss the orc.
The orc is severely wounded.
The orc hits you with a +0 club.
* * * LOW HITPOINT WARNING * * *
The orc closely misses you.
You barely miss the orc.
The orc is severely wounded.
The orc misses you. The orc hits you with a +0 mace.
You die...

..... #.......
#.......##.......
#...!............
##................
..!.............. ..####
#................
....##............#...
#####...................
.......@o........####...
########o.........####.#
#..............#....##..
..#...#........#.##...†.
...............#..###...
...............##.###...
.................<..#...
..#...#.............†...
#.......................


You could see 2 orcs.

Vanquished Creatures
  An adder (D:2)
  2 ball pythons (D:1)
  A bat (D:2)
  4 endoplasms
  3 giant cockroaches (D:1)
  4 hobgoblins
  3 kobolds
  A quokka (D:1)
  A frilled lizard (D:1)
  2 rats
22 creatures vanquished.

Notes
Turn   | Place    | Note
-------+----------+-------------------------------------------
     0 | D:1      | Dirtsage the Demonspawn Monk began the quest for the Orb.
     0 | D:1      | Reached XP level 1. HP: 18/18 MP: 1/1
   414 | D:1      | Gained mutation: Your demonic aura sometimes causes spilled
                  | blood to erupt in flames. [demonic ancestry]
   414 | D:1      | Reached XP level 2. HP: 19/24 MP: 2/2
  1049 | D:2      | Gained mutation: You are partially covered in thin metallic
                  | scales. (AC +2) [demonic ancestry]
  1049 | D:2      | Reached XP level 3. HP: 23/29 MP: 3/3
  1115 | D:2      | HP: 1/29 [orc priest/divine providence (7)]
  1117 | D:2      | Slain by an orc

Illustrated notes

Levels and vault maps discovered:
D:1:      heliophobic_arrival_battle_scene, layout_basic
D:2:      cheibrodos_pilgrimage, layout_rooms, serial_shops, shop,
          serial_bayou_pond_e, hangedman_decor_push

Skill      XL: |  1 |
---------------+----+-----
Unarmed Combat | 3 |  3.9
Fighting       | |  3.0
Dodging        | |  2.6

Action                     || total
---------------------------++-------
  Melee: Unarmed           ||    57
 Armour: Robe              ||    23
  Dodge: Dodged            ||    29

Table legend: (Time is in decaauts)
 A = Elapsed time spent in this place.
 B = Non-inter-level travel time spent in this place.
 C = Inter-level travel time spent in this place.
 D = Time resting spent in this place.
 E = Time spent auto-exploring this place.
 F = Levels seen in this place.
 G = Mean time per level.
                   A        B        C        D        E       F      G
               +--------+--------+--------+--------+--------+-----+--------+
         Total |   1113 |   1035 |     78 |      0 |    913 |   2 |  556.5 |
       Dungeon |   1113 |   1035 |     78 |      0 |    913 |   2 |  556.5 |
               +--------+--------+--------+--------+--------+-----+--------+

Top non-repeatable levels by time:
     D:1: 1023 daAuts
     D:2: 89 daAuts
